 Dungeon Crawl Stone Soup version 0.28.0-43-g3370ac3207 (webtiles) character file.

Game seed: 14471614660264899829

35 choreboyy the Magician (level 3, 0/24 HPs)
             Began as a Demonspawn Hedge Wizard on Mar 12, 2022.
             Slain by Natasha (8 damage)
             ... on level 3 of the Dungeon.
             The game lasted 00:13:24 (3165 turns).

choreboyy the Magician (Demonspawn Hedge Wizard)    Turns: 3165, Time: 00:13:26

Health: 0/24       AC:  2    Str: 10    XL:     3   Next: 17%
Magic:  2/7        EV: 12    Int: 17    God:
Gold:   54         SH:  0    Dex: 12    Spells: 3/8 levels left

rFire   . . .      SeeInvis .   a - +0 dagger
rCold   . . .      Faith    .   (no shield)
rNeg    . . .      Spirit   .   b - +0 robe
rPois   .          Reflect  .   c - +0 hat
rElec   .          Harm     .   (no cloak)
rCorr   .          Rampage  .   (no gloves)
Will    .....                   (no boots)
Stlth   ++........              (no amulet)
HPRegen 0.08/turn               (no ring)
MPRegen 0.10/turn               (no ring)

@: very slightly contaminated
A: antennae 1, demonic guardian 1
a: no special abilities


You were on level 3 of the Dungeon.
You visited 1 branch of the dungeon, and saw 4 of its levels.

You collected 54 gold pieces.

Inventory:

Hand Weapons
 a - a +0 dagger (weapon)
Missiles
 d - a throwing net
Armour
 b - a +0 robe (worn)
 c - a +0 hat (worn)
 g - a +0 pair of gloves
Scrolls
 e - 2 scrolls of noise {unknown}
 h - a scroll of teleportation {unknown}
 i - a scroll of identify {unknown}
Potions
 f - a potion of curing


   Skills:
 - Level 2.3 Dodging
 - Level 1.8 Stealth
 - Level 3.3 Spellcasting
 + Level 1.8 Conjurations
 - Level 1.0 Summonings
 - Level 1.0 Translocations
 + Level 0.1 Air Magic


You had 3 spell levels left.
You knew the following spells:

 Your Spells              Type           Power      Damage    Failure   Level
a - Magic Dart            Conj           36%        1d4       8%          1
b - Slow                  Hex            8%         N/A       17%         1
c - Mephitic Cloud        Conj/Pois/Air  5%         N/A       36%         3

Your spell library contained the following spells:

 Spells                   Type           Power      Damage    Failure   Level
 Blink                    Tloc           12%        N/A       17%         2
 Call Imp                 Summ           6%         N/A       17%         2
 Conjure Flame            Conj/Fire      6%         6-21      34%         3
 Animate Dead             Necr           1%         N/A       86%         4
 Borgnjor's Vile Clutch   Necr/Erth      1%         N/A       99%         5
 Death Channel            Necr           1%         N/A       100%        6


Dungeon Overview and Level Annotations

Branches:
Dungeon (4/15)
 Temple: D:4-7

Altars:

Shops:
D:1 [

Annotations:
D:2 Jessica, Terence
D:3 1 runed translucent door, Crazy Yiuf, Natasha


Innate Abilities, Weirdness & Mutations

You have a pair of small antennae on your head.
A weak demonic guardian rushes to your aid.


Message History

Confirm with . or Enter, or press ? or * to list all spells.
Aiming: Slow (safe; 17% risk of failure)
Press: ? - help, Shift-Dir - straight line, f - Natasha
Aim: Natasha (chance to affect: 36%)
You miscast Slow.
You are very lightly contaminated with residual magic.
Nothing appears to happen.
Natasha claws you.
Casting: Slow (safe; 17% risk of failure)
Confirm with . or Enter, or press ? or * to list all spells.
Aiming: Magic Dart (safe; 8% risk of failure)
Press: ? - help, Shift-Dir - straight line, f/p - Natasha
Aim: Natasha (100% to hit)
The magic dart hits Natasha but does no damage.
Natasha closely misses you.
Casting: Magic Dart (safe; 8% risk of failure)
Confirm with . or Enter, or press ? or * to list all spells.
Aiming: Magic Dart (safe; 8% risk of failure)
Press: ? - help, Shift-Dir - straight line, f/p - Natasha
Aim: Natasha (100% to hit)
The magic dart hits Natasha.
Natasha is lightly wounded.
Natasha closely misses you.
Casting: Magic Dart (safe; 8% risk of failure)
Confirm with . or Enter, or press ? or * to list all spells.
Aiming: Magic Dart (safe; 8% risk of failure)
Press: ? - help, Shift-Dir - straight line, f/p - Natasha
Aim: Natasha (lightly wounded, 100% to hit)
The magic dart hits Natasha.
Natasha is lightly wounded.
Natasha claws you.
* * * LOW HITPOINT WARNING * * *
Casting: Magic Dart (safe; 8% risk of failure)
Confirm with . or Enter, or press ? or * to list all spells.
Aiming: Magic Dart (safe; 8% risk of failure)
Press: ? - help, Shift-Dir - straight line, f/p - Natasha
Aim: Natasha (lightly wounded, 100% to hit)
The magic dart hits Natasha but does no damage.
Natasha is lightly wounded.
Natasha claws you!
You die...

#...+.♣♣♣♣.... #.
#...#♣..♣..... #.
### ♣♣♣.♣.... ###.
♣♣♣♣♣## ... # #.#
######## #
#..#.##..#.########
#.#.###..#.........
#.@h>....#.########
#.#####.....# ...
##.#..# ## $....
#.#..# #. ##.#..
....... #. #.###
##.#..##$# #. #
.....# # ## ##$#.).
# #....# #


You could see Natasha.

Vanquished Creatures
  A dart slug (D:3)
  An endoplasm (D:3)
  2 giant cockroaches (D:1)
  7 goblins
  2 hobgoblins
  2 jackals (D:1)
  4 kobolds
  3 ball pythons
  2 bats (D:2)
  A frilled lizard (D:1)
  5 rats
30 creatures vanquished.

Notes
Turn   | Place    | Note
-------+----------+-------------------------------------------
     0 | D:1      | choreboyy the Demonspawn Hedge Wizard began the quest for
                  | the Orb.
     0 | D:1      | Reached XP level 1. HP: 13/13 MP: 4/4
   152 | D:1      | Learned a level 1 spell: Slow
   226 | D:1      | Reached skill level 1 in Translocations
  1146 | D:1      | Found Ruf Rim's Armour Shop.
  1158 | D:1      | Gained mutation: You have a pair of small antennae on your
                  | head. [demonic ancestry]
  1158 | D:1      | Reached XP level 2. HP: 19/19 MP: 6/6
  2055 | D:2      | Noticed Jessica
  2389 | D:2      | Gained mutation: A weak demonic guardian rushes to your
                  | aid. [demonic ancestry]
  2389 | D:2      | Reached XP level 3. HP: 24/24 MP: 1/7
  2467 | D:2      | Noticed Terence
  2770 | D:3      | Learned a level 3 spell: Mephitic Cloud
  2880 | D:3      | Found a runed translucent door.
  2881 | D:3      | Noticed Crazy Yiuf
  2908 | D:3      | Noticed Natasha
  3149 | D:4      | Noticed an ice beast
  3165 | D:3      | Slain by Natasha

Illustrated notes

Levels and vault maps discovered:
D:1:      lightli_arrival_statue_moat, layout_loops_corners, serial_glass,
          glass_columns_a, glass_columns_b, glass_columns_a, glass_columns_a,
          glass_columns_a, glass_columns_a, glass_columns_a, glass_columns_a,
          glass_columns_a, glass_columns_b, glass_columns_a, glass_columns_a,
          glass_columns_c, glass_columns_b, serial_shops, shop
D:2:      minmay_chambers_of_twos, layout_rooms, serial_shops,
          nicolae_shop_hallway_plus, uniq_jessica, uniq_terence
D:3:      layout_loops_ring, nicolae_vehumet_radiance,
          nicolae_figureground_sparkle, uniq_natasha, uniq_crazy_yiuf_cottage,
          uniq_robin
D:4:      layout_loops_cross, mainiacjoe_overflow_brackets

Skill      XL: |  1 |
---------------+----+-----
Translocations | 1 |  1.0
Dodging        | 2 |  2.3
Stealth        | |  1.8
Spellcasting   | |  3.3
Conjurations   | |  1.8
Summonings     | |  1.0
Air Magic      | |  0.1

Action                   || total
-------------------------++-------
Melee: Dagger            ||    62
       Punch             ||     1
 Cast: Magic Dart        ||    74
       Slow              ||     9
  Use: Potion            ||     1
Armor: Robe              ||    14
Dodge: Dodged            ||    59
